 Dungeon Crawl Stone Soup version 0.32-a0-768-g0f6f1dd4b9 (webtiles) character file.

Game seed: 16478194023332099586

118809 demenzo the Warrior (level 16, 126/149 HPs)
             Began as a Grey Draconian Conjurer on Oct 13, 2020.
             Was the Champion of Fedhas.
             Quit the game on level 2 of the Shoals on Mar 18, 2024.
             The game lasted 03:22:10 (43444 turns).

demenzo the Warrior (Grey Draconian Conjurer)      Turns: 43444, Time: 03:22:11

Health: 126/149    AC: 18    Str: 11    XL:     16   Next: 26%
Magic:  31/42      EV: 11    Int: 31    God:    Fedhas [******]
Gold:   1590       SH:  9    Dex:  9    Spells: 10/41 levels left

rFire   . . .        b - staff of conjuration
rCold   . . .        q - +0 kite shield
rNeg    . . .        (body armour unavailable)
rPois   .            L - +1 hat
rElec   .            N - +2 cloak {Will+}
rCorr   .            (no gloves)
SInv    .            (no boots)
Will    ++...        Q - amulet of magic regeneration
Stlth   ++           X - ring of magical power
HPRegen 0.44/turn    r - +6 ring of intelligence
MPRegen 0.28/turn

%: no passive effects
@: very slightly contaminated
A: mud breath, mud-swimmer, AC +14, amphibious, unfitting armour, cold-blooded
a: Mud Breath, Renounce Religion, Wall of Briars, Grow Ballistomycete, Overgrow,
Grow Oklob


You were on level 2 of the Shoals.
You worshipped Fedhas.
Fedhas was exalted by your worship.
You visited 5 branches of the dungeon, and saw 26 of its levels.
You also visited: Gauntlet.

You collected 3341 gold pieces.
You spent 1751 gold pieces at shops.

Inventory:

Hand Weapons
 a - a +2 dagger of venom
 O - the +12 rapier "Fakhlot" {pain, rPois rC+ Int-3 Dex+3}
   (You bought it in a shop on level 2 of the Orcish Mines)

   Int-3:     It affects your intelligence (-3).
   Dex+3:     It affects your dexterity (+3).
   rC+:       It protects you from cold.
   rPois:     It protects you from poison.
 R - a +1 rapier of protection
 S - a +1 heavy hand cannon
 W - the +2 morningstar "Cimuvapt" {vamp, rF+++ Will+++ Str-5 Int-5}
   (You found it on level 5 of the Lair of Beasts)

   Str-5:     It affects your strength (-5).
   Int-5:     It affects your intelligence (-5).
   rF+++:     It renders you almost immune to fire.
   Will+++:   It greatly increases your willpower.
Missiles
 d - 65 poisoned darts (quivered)
 j - 145 bolts
 n - 34 silver javelins
 s - 7 throwing nets
 B - 14 curare-tipped darts
Armour
 o - a scarf of resistance
 q - a +0 kite shield (worn)
 L - a +1 hat (worn)
 N - a +2 cloak of willpower (worn)
Magical Staves
 b - a staff of conjuration (weapon)
 Y - a staff of cold
Jewellery
 f - the ring "Decogg" {Fire Str+7 Dex-2}
   (You found it in a Gauntlet)

   [ring of fire]

   Fire:      It enhances your fire magic.
   Str+7:     It affects your strength (+7).
   Dex-2:     It affects your dexterity (-2).
   rF+:       It protects you from fire.
   rC-:       It makes you vulnerable to cold.
 g - a ring of see invisible
 r - a +6 ring of intelligence (right hand)
 G - a +4 ring of protection
 M - a ring of flight
 Q - an amulet of magic regeneration (around neck)
 X - a ring of magical power (left hand)
Wands
 h - a wand of acid (2)
 y - a wand of digging (10)
 C - a wand of removedness (18)
 D - a wand of flame (36)
 E - a wand of paralysis (4)
 I - a wand of mindburst (25)
 J - a wand of iceblast (24)
 K - a wand of polymorph (2)
 T - a wand of charming (9)
Scrolls
 i - 11 scrolls of removedness
 t - 6 scrolls of amnesia
 v - a scroll of enchant armour
 w - 12 scrolls of teleportation
 x - 5 scrolls of revelation
 z - 17 scrolls of identify
 F - 6 scrolls of fog
 V - a scroll of summoning
 Z - 3 scrolls of blinking
Potions
 c - 5 potions of enlightenment
 e - 5 potions of heal wounds
 k - 2 potions of berserk rage
 l - 5 potions of might
 m - 6 potions of curing
 p - 5 potions of brilliance
 u - 3 potions of ambrosia
 A - 5 potions of magic
 H - 3 potions of attraction
 P - 4 potions of haste
Miscellaneous
 U - a phial of floods


   Skills:
 + Level 15.5 Fighting
 - Level 7.0 Dodging
 - Level 1.7 Stealth
 + Level 8.2 Shields
 + Level 13.2 Spellcasting
 + Level 12.3 Conjurations
 - Level 5.0 Hexes
 * Level 1.9 Summonings
 - Level 5.0 Translocations
 + Level 3.1 Fire Magic
 - Level 10.0 Earth Magic
 - Level 3.0 Alchemy
 + Level 10.9 Invocations
 - Level 2.7 Shapeshifting


You had 10 spell levels left.
You knew the following spells:

 Your Spells              Type           Power      Damage    Failure   Level
a - Magic Dart            Conj           100%       1d8       1%          1
b - Searing Ray           Conj           100%       2d8       1%          2
c - Dazzling Flash        Conj/Hex       100%       N/A       1%          3
e - Iskenderun's Mystic   Conj/Tloc      84%        2d17      1%          4
g - Bombard               Conj/Erth      47%        9d8       11%         6
h - Mephitic Cloud        Conj/Alch/Air  68%        N/A       2%          3
i - Fireball              Conj/Fire      40%        3d16      9%          5
j - Spellforged Servitor  Conj/Summ      38%        N/A       97%         7

Your spell library contained the following spells:

 Spells                   Type           Power      Damage    Failure   Level
 Corona                   Hex            51%        N/A       1%          1
 Sandblast                Erth           100%       2d20      1%          1
 Slow                     Hex            100%       N/A       1%          1
 Sting                    Conj/Alch      100%       1d9       1%          1
 Passwall                 Erth           70%        N/A       1%          3
 Confusing Touch          Hex            51%        N/A       2%          3
 Portal Projectile        Hex/Tloc       100%       N/A       2%          3
 Fulminant Prism          Conj/Alch      40%        3d19      3%          4
 Lee's Rapid Deconstruct  Erth           35%        3d18*     3%          5
 Inner Flame              Hex/Fire       45%        N/A       4%          3
 Leda's Liquefaction      Alch/Erth      28%        N/A       4%          4
 Mercury Vapours          Alch/Air       60%        N/A       6%          2
 Bolt of Magma            Conj/Fire/Erth 41%        4d17      6%          5
 Irradiate                Conj/Alch      40%        3d25      9%          5
 Cause Fear               Hex            25%        N/A       10%         4
 Ignite Poison            Fire/Alch      39%        N/A       21%         4
 Olgreb's Toxic Radiance  Alch           39%        N/A       21%         4
 Summon Blazeheart Golem  Fire/Summ      36%        N/A       26%         4
 Yara's Violent Unravell  Hex/Alch       22%        3d10      36%         5
 Orb of Destruction       Conj           49%        9d13      36%         7
 Starburst                Conj/Fire      40%        6d11      41%         6
 Enfeeble                 Hex            25%        N/A       100%        7
 Ignition                 Fire           20%        3d7       100%        8


Dungeon Overview and Level Annotations

Branches:
Dungeon (15/15)            Temple (0/1) D:7            Lair (6/6) D:11
 Shoals (2/4) Lair:3        Snake (1/4) Lair:2        Slime (0/5) Lair:6
    Orc (2/2) D:11            Elf (0/3) Orc:2        Vaults (0/5) D:13
 Depths (0/5) D:15        Gauntlet (visited)

Altars:
Cheibriados
Fedhas
Gozag
Hepliaklqana
Kikubaaqudgha
Ru
Trog
Uskayaw
Vehumet
Beogh
Jiyva

Shops:
D:5 ?   D:6 !   D:7 *   D:11 (   D:12 :   Orc:2 [[((   Shoals:2 :(

Annotations:
D:6 3 runed translucent doors, Zdeegee's ghost, novice MiFi
D:7 1 exclusion
D:8 exclusion: two-headed ogre
D:9 2 transporters, felt's ghost, journeyman GnWn
D:13 3 runed translucent doors, Ahonude's ghost, journeyman TrMo; Liimbo's ghost, journeyman FoWn; Xyoprad's ghost, journeyman FoFi
Lair:2 exclusion: downstairs


Innate Abilities, Weirdness & Mutations

You can breathe torrents of mud.
You are unimpeded by mud.
Your dull iron-grey scales are very hard. (AC +14)
You are amphibious.
You cannot fit into any form of body armour.
You are cold-blooded and may be slowed by cold attacks.


Message History

Okay, then.
Casting: Fireball (dangerous; 7% risk of failure)
Confirm with . or Enter, or press ? or * to list all spells.
Aiming: Fireball (dangerous; 7% risk of failure)
Press: ? - help, Shift-Dir - straight line, p - water elemental You feel a surge of power!
The fireball explodes!
The fireball engulfs the water elemental!!
The water elemental is burned terribly!
The water elemental is almost destroyed.
The water elemental is engulfed in a cloud of scalding steam.
You destroy the water elemental!
Fedhas accepts your kill.
You start resting.
Save game and exit?
Welcome back, demenzo the Grey Draconian Conjurer.
Fedhas says: Spread life and death.
Press ? for a list of commands and other information.
The merfolk is engulfed in a cloud of scalding steam.
The merfolk hits you from afar with a +0 trident.
Unknown command.
You block the merfolk's attack.
You barely miss the merfolk.
The merfolk is moderately wounded.
The merfolk closely misses you.
Cast which spell? (? or * to list)
Aiming: Magic Dart (safe; 1% risk of failure)
Press: ? - help, Shift-Dir - straight line, f - merfolk
Aim: a merfolk, wielding a +0 trident (water, moderately wounded, 100% to hit)
You feel a surge of power!
The magic dart hits the merfolk.
The merfolk is moderately wounded.
You block the merfolk's attack.
Unknown command.
Save game and exit?
You see here a granite talisman.
Your memory of Statue Form unravels.
Your Alchemy skill gained 3 levels and is now at level 3!
Your Shapeshifting skill decreases to level 2!
Welcome back, demenzo the Grey Draconian Conjurer.
Fedhas says: Spread life and death.
Press ? for a list of commands and other information.
Are you sure you want to abandon this character and quit the game? (Confirm with "yes".)

....##....~~~~~~~~~~~......## #..
....##..##~~~~~~~~≈~~...##..###..
........##~~~~~~≈≈≈≈~...###.....~
.........~~~~~~~≈≈≈≈~~..........~
...........~~~~≈≈≈≈~~...........~
#...........~~~≈≈≈≈~~.........~~≈
...#........~~≈≈≈≈≈~~........~≈≈≈
.[.########.~≈≈≈≈≈≈~~~.......~≈≈≈
..## #.~≈≈≈@≈≈~~~.......~~≈≈
..####### #.~≈≈m≈≈≈~~~~.....~~~~.
~~~...~.###.~≈≈≈≈≈≈~~~~~.~~~~~~.)
~.~.~~~~......~≈≈≈≈~~~~~.~~~~~...
....~~~~~~.###.~≈≈≈~~~~~...#~....
..#..~~~~..# #.~≈≈≈~~~~~.(#.#....
..#....~~..###.~≈≈≈~~~~~.#...#...
...####....§...~~≈≈≈~~~~#~~∩..#..
...## #...~~~~~~~≈≈≈~~~~.#~..#...


You could see a merfolk.

Vanquished Creatures
  Saint Roka (Orc:2)
  Gastronok (Lair:3)
  Polyphemus (Shoals:2)
  Azrael (D:14)
  An ettin (Orc:1)
  A merfolk javelineer (Shoals:1)
  A fire dragon (Lair:6)
  4 merfolk impalers
  Harold (D:8)
  A great orb of eyes (Gauntlet)
  An ice dragon (Lair:6)
  Erolcha (D:11)
  A vault guard (D:13)
  8 hydras
  A boulder beetle (D:14)
  2 catoblepae
  4 two-headed ogres
  6 centaur warriors
  2 tengu warriors
  12 death yaks
  A merfolk aquamancer (Shoals:2)
  A merfolk avatar (Shoals:2)
  A shock serpent (Lair:2)
  A satyr (Shoals:2)
  Sonja (D:11)
  3 unseen horrors
  A sea snake (Shoals:2)
  An occultist (D:14)
  A swamp dragon (Lair:6)
  Pikel (D:3)
  6 harpies
  A lindwurm (Lair:6)
  5 deep elf pyromancers
  2 orc sorcerers (Orc:2)
  5 manticores
  6 fauns
  4 merfolk sirens
  A cyclops (D:13)
  10 ugly things
  5 black mambas
  A water nymph (Shoals:2)
  Psyche (D:11)
  Maurice (D:10)
  10 cane toads
  A gargoyle (Gauntlet)
  5 torpor snails (Lair:6)
  A centaur skeleton (D:14)
  A kobold demonologist (D:10)
  8 komodo dragons
  2 rime drakes
  3 tengu conjurers
  4 trolls
  18 merfolk
  4 tyrant leeches (Lair:6)
  A polar bear (Lair:1)
  9 hornets
  7 snapping turtles
  10 slime creatures
  Grinder (D:3)
  6 dream sheep (Lair:5)
  35 blink frogs
  A meliai zombie (D:14)
  A spriggan (D:9)
  3 shadows (Gauntlet)
  2 water elementals (Shoals:2)
  4 wyverns
  A vampire (D:13)
  2 wraiths
  4 fire elementals (D:14)
  36 yaks
  A basilisk (shapeshifter) (D:15)
  3 basilisks
  4 steam dragons
  4 wargs
  4 vampire mosquitoes (D:14)
  A naga (Lair:2)
  3 hell hounds (D:14)
  A removed soldier ant (D:12)
  4 acid dragons
  14 water moccasins
  A swamp drake (Lair:6)
  4 black bears
  4 sky beasts
  A hornet zombie (D:15)
  30 orc warriors
  A necrophage (D:9)
  An ice beast (D:9)
  15 ogres
  2 phantoms
  4 wolves
  17 centaurs
  2 kobold brigands
  33 bullfrogs
  6 killer bees (D:11)
  16 wights
  A howler monkey (D:12)
  6 centaur zombies
  A crimson imp (D:14)
  A bullfrog skeleton (D:11)
  2 gnoll boudas
  7 jellies
  13 hounds
  23 orc priests
  27 orc wizards
  4 hell rats (Lair:6)
  13 iguanas
  10 removed worker ants
  A killer bee zombie (D:6)
  2 hound zombies
  A hound skeleton (D:11)
  Robin (D:3)
  A removed worker ant zombie (D:8)
  18 adders
  14 gnolls
  3 shadow imps (D:7)
  3 white imps
  4 ufetubi
  An endoplasm (D:2)
  An adder skeleton (D:9)
  4 ribbon worms
  4 dart slugs
  101 orcs
  5 removed leopard geckos
  2 ball pythons (D:5)
  8 bats
  6 giant cockroaches
  17 goblins
  7 hobgoblins
  13 jackals
  11 kobolds
  2 quokkas
  11 frilled lizards
  2 quokka skeletons
  7 rats
  A fulminant prism (Lair:5)
826 creatures vanquished.

Vanquished Creatures (collateral kills)
  Jorgrun (D:14)
  A minotaur (Gauntlet)
  Erica (D:10)
  A two-headed ogre (D:10)
  A hell hound (D:14)
  A water moccasin skeleton (D:10)
  A removed worker ant (D:14)
  8 ballistomycete spores
15 creatures vanquished.

Vanquished Creatures (others)
  386 fulminant prisms
386 creatures vanquished.

Grand Total: 1227 creatures vanquished

Notes
Turn   | Place    | Note
-------+----------+-------------------------------------------
     0 | D:1      | demenzo the Draconian Conjurer began the quest for the Orb.
     0 | D:1      | Reached XP level 1. HP: 14/14 MP: 3/3
   440 | D:1      | Reached XP level 2. HP: 18/22 MP: 0/5
   928 | D:1      | Reached skill level 1 in Fighting
  1229 | D:1      | Learned a level 2 spell: Searing Ray
  1535 | D:2      | Reached XP level 3. HP: 28/28 MP: 2/6
  1999 | D:2      | Found a blossoming altar of Fedhas.
  2006 | D:2      | Became a worshipper of Fedhas Madash
  2229 | D:2      | Reached XP level 4. HP: 36/36 MP: 1/7
  2439 | D:2      | Reached skill level 5 in Conjurations
  2946 | D:3      | Reached skill level 2 in Fighting
  3096 | D:3      | Reached skill level 1 in Invocations
  3198 | D:3      | Reached * piety under Fedhas
  3376 | D:3      | Reached XP level 5. HP: 19/42 MP: 6/9
  3629 | D:3      | Noticed Robin
  3632 | D:3      | Killed Robin
  3949 | D:3      | Noticed Grinder
  3950 | D:3      | Paralysed by Grinder for 5 turns
  4253 | D:3      | Reached ** piety under Fedhas
  4494 | D:3      | Killed Grinder
  4494 | D:3      | Reached skill level 3 in Fighting
  4494 | D:3      | Reached XP level 6. HP: 51/51 MP: 0/11
  4674 | D:4      | Your scales start taking on a dull iron-grey colour.
  4674 | D:4      | Reached XP level 7. HP: 57/57 MP: 7/12
  4674 | D:4      | Gained mutation: You can survive without breathing. [Grey
                  | Draconian growth]
  4784 | D:4      | Learned a level 3 spell: Dazzling Flash
  4789 | D:4      | Learned a level 4 spell: Fulminant Prism
  4996 | D:4      | Noticed Pikel
  5026 | D:3      | Killed Pikel
  5026 | D:3      | Reached skill level 4 in Fighting
  5026 | D:3      | Reached skill level 1 in Hexes
  5026 | D:3      | Reached XP level 8. HP: 66/66 MP: 2/14
  5518 | D:5      | Entered Level 5 of the Dungeon
  6226 | D:5      | Found Zuutisaw's Magic Scroll Boutique.
  6234 | D:5      | Bought a scroll of teleportation for 39 gold pieces
  6234 | D:5      | Bought a scroll of enchant armour for 97 gold pieces
  6234 | D:5      | Bought a scroll of remove curse for 39 gold pieces
  6234 | D:5      | Bought a scroll of teleportation for 39 gold pieces
  6234 | D:5      | Bought a scroll of identify for 26 gold pieces
  6234 | D:5      | Bought a scroll of identify for 26 gold pieces
  6525 | D:5      | Found a snail-covered altar of Cheibriados.
  6525 | D:5      | Found a sacrificial altar of Ru.
  6821 | D:6      | Noticed Zdeegee's ghost (novice MiFi)
  6881 | D:6      | Found a runed translucent gate.
  6881 | D:6      | Found a runed translucent gate.
  6881 | D:6      | Found a runed translucent gate.
  6960 | D:6      | Found a hazy altar of Hepliaklqana.
  6967 | D:6      | Found Qaazxu's Distillery.
  6971 | D:6      | Bought a potion of magic for 112 gold pieces
  6971 | D:6      | Bought a potion of degeneration for 14 gold pieces
  7076 | D:6      | Reached skill level 5 in Fighting
  7427 | D:6      | Reached *** piety under Fedhas
  8151 | D:6      | Reached XP level 9. HP: 74/74 MP: 10/16
  8194 | D:7      | Reached skill level 5 in Spellcasting
  8215 | D:7      | Learned a level 4 spell: Iskenderun's Mystic Blast
  8314 | D:7      | Found a staircase to the Ecumenical Temple.
  8357 | D:7      | Reached skill level 5 in Invocations
  8720 | D:7      | Found Enoovi's Lightly-Used Armoury.
  9648 | D:7      | Reached skill level 6 in Fighting
 10020 | D:8      | Noticed a two-headed ogre
 10140 | D:8      | Found a radiant altar of Vehumet.
 10207 | D:8      | Reached **** piety under Fedhas
 10487 | D:8      | Noticed Harold
 10504 | D:8      | Killed Harold
 10504 | D:8      | Reached XP level 10. HP: 66/84 MP: 3/18
 11821 | D:9      | Found a transporter.
 11837 | D:9      | Reached skill level 10 in Conjurations
 11999 | D:9      | Noticed felt's ghost (journeyman GnWn)
 12051 | D:9      | Reached skill level 7 in Fighting
 12244 | D:9      | Found a transporter.
 12623 | D:10     | Entered Level 10 of the Dungeon
 12636 | D:10     | Reached skill level 5 in Hexes
 13050 | D:10     | Noticed Maurice
 13059 | D:10     | Killed Maurice
 13059 | D:10     | Reached skill level 1 in Translocations
 14034 | D:10     | Noticed an unseen horror
 14038 | D:10     | Killed an unseen horror
 14492 | D:10     | Noticed Erica
 14498 | D:10     | Killed Erica
 14604 | D:10     | Reached XP level 11. HP: 94/94 MP: 9/21
 15523 | D:11     | Found Saniku Boomu's Weapon Emporium.
 15525 | D:11     | Found a staircase to the Orcish Mines.
 15562 | D:11     | Found a staircase to the Lair.
 15641 | D:11     | Noticed Psyche
 15646 | D:11     | Killed Psyche
 15646 | D:11     | Reached skill level 8 in Fighting
 15707 | D:11     | Noticed Erolcha
 15741 | D:11     | Noticed Sonja
 15763 | D:11     | Killed Sonja
 15931 | D:11     | Noticed a two-headed ogre
 15955 | D:10     | Killed a two-headed ogre
 16459 | D:11     | Noticed a deep elf mage
 16464 | D:11     | Killed a deep elf mage
 16718 | D:11     | Noticed a boulder beetle
 17100 | Lair:1   | Entered Level 1 of the Lair of Beasts
 17408 | Lair:1   | Noticed a five-headed hydra
 17416 | Lair:1   | Killed a five-headed hydra
 18146 | Lair:1   | Reached skill level 9 in Fighting
 18382 | Lair:2   | Reached XP level 12. HP: 104/104 MP: 16/23
 18863 | Lair:2   | Found a staircase to the Snake Pit.
 18958 | Lair:2   | Reached skill level 5 in Translocations
 19412 | Lair:3   | Reached ***** piety under Fedhas
 19432 | Lair:3   | Noticed a seven-headed hydra
 19438 | Lair:3   | Killed a seven-headed hydra
 19669 | Lair:3   | Reached skill level 10 in Fighting
 20051 | Lair:3   | Reached skill level 10 in Invocations
 20064 | Lair:3   | Noticed Gastronok
 20086 | Lair:3   | Killed Gastronok
 20165 | Lair:3   | Found a staircase to the Shoals.
 20874 | Lair:4   | Reached skill level 11 in Fighting
 21353 | Lair:4   | Reached XP level 13. HP: 116/116 MP: 19/26
 22671 | Lair:5   | Reached skill level 10 in Spellcasting
 22732 | Lair:5   | Reached skill level 5 in Dodging
 23086 | Lair:5   | Got a brightly glowing morningstar
 23109 | Lair:5   | Identified the +2 morningstar "Cimuvapt" {vamp, rF+++ MR+++
                  | Str-5 Int-5} (You found it on level 5 of the Lair of
                  | Beasts)
 23284 | Lair:6   | Entered Level 6 of the Lair of Beasts
 23449 | Lair:5   | Upgraded the game from 0.26-a0-665-gefeb406119 to
                  | 0.26-a0-682-g294304f6e8
 23468 | Lair:4   | Reached skill level 12 in Fighting
 24981 | Lair:6   | Found a runed translucent door.
 25109 | Lair:6   | Reached ****** piety under Fedhas
 25369 | Lair:6   | Found a staircase to the Slime Pits.
 25369 | Lair:6   | Found a viscous altar of Jiyva.
 25743 | Lair:6   | Reached XP level 14. HP: 127/127 MP: 23/29
 25799 | Lair:6   | Reached skill level 1 in Shields
 25919 | Lair:5   | Reached skill level 13 in Fighting
 27101 | Lair:6   | Found a viscous altar of Jiyva.
 27102 | Lair:6   | Found a staircase to the Slime Pits.
 27300 | Lair:6   | Found a runed translucent door.
 28056 | D:12     | Found a gate leading to a gauntlet.
 28075 | Gauntlet | Entered a Gauntlet
 28075 | Gauntlet | Found a large runed translucent door.
 28075 | Gauntlet | Found a large runed translucent door.
 28075 | Gauntlet | Found a large runed translucent door.
 28075 | Gauntlet | Found a large runed translucent door.
 28075 | Gauntlet | Found a large runed translucent door.
 28075 | Gauntlet | Found a large runed translucent door.
 28075 | Gauntlet | Found a runed translucent door.
 28075 | Gauntlet | Found a transporter.
 28075 | Gauntlet | Found a transporter.
 28075 | Gauntlet | Found a runed translucent door.
 28075 | Gauntlet | Found a large runed translucent door.
 28075 | Gauntlet | Found a large runed translucent door.
 28075 | Gauntlet | Found a large runed translucent door.
 28075 | Gauntlet | Found a large runed translucent door.
 28075 | Gauntlet | Found a large runed translucent door.
 28075 | Gauntlet | Found a large runed translucent door.
 28079 | Gauntlet | Found a transporter.
 28079 | Gauntlet | Found a transporter.
 28089 | Gauntlet | Found a transporter.
 28099 | Gauntlet | Found a transporter.
 28099 | Gauntlet | Found a transporter.
 28103 | Gauntlet | Found a transporter.
 28134 | Gauntlet | Found a transporter.
 28137 | Gauntlet | Found a transporter.
 28150 | Gauntlet | Found a large runed translucent door.
 28151 | Gauntlet | Found a large runed translucent door.
 28153 | Gauntlet | Found a runed translucent gate.
 28154 | Gauntlet | Found a runed translucent gate.
 28155 | Gauntlet | Found a transporter.
 28155 | Gauntlet | Found a runed translucent gate.
 28179 | Gauntlet | Found a transporter.
 28213 | Gauntlet | Found a transporter.
 28227 | Gauntlet | Found a transporter.
 28310 | Gauntlet | Found a large runed translucent door.
 28310 | Gauntlet | Found a large runed translucent door.
 28328 | Gauntlet | Found a transporter.
 28330 | Gauntlet | Identified the ring "Voli Deo" {+Blink rElec rN+ Int+6
                  | Dex-4}
 28342 | Gauntlet | Found a transporter.
 28441 | Gauntlet | Got a translucent turquoise ring
 28582 | Gauntlet | Identified the ring "Decogg" {Fire Str+7 Dex-2} (You found
                  | it in a Gauntlet)
 29776 | D:12     | Found Nerphoon's Book Shop.
 30382 | D:12     | Learned a level 7 spell: Statue Form
 30630 | D:13     | Reached skill level 5 in Shields
 30688 | D:13     | Paralysed by a hornet for 1 turns
 30690 | D:13     | Reached skill level 1 in Earth Magic
 30853 | D:13     | Upgraded the game from 0.26-a0-682-g294304f6e8 to
                  | 0.26-a0-739-gf55cbd344a
 31051 | D:13     | Found a gate to the Vaults.
 31468 | D:13     | Found a runed translucent gate.
 31468 | D:13     | Found a runed translucent gate.
 31468 | D:13     | Found a runed translucent gate.
 31478 | D:13     | Found an ancient bone altar of Kikubaaqudgha.
 31491 | D:13     | Noticed a lich
 31491 | D:13     | Noticed a lich
 31491 | D:13     | Noticed Xyoprad's ghost (journeyman FoFi)
 31491 | D:13     | Noticed Liimbo's ghost (journeyman FoWn)
 31493 | D:13     | Noticed Ahonude's ghost (journeyman TrMo)
 31681 | D:13     | Identified the cursed +0 cloak of Goelium {rF++} (You found
                  | it on level 13 of the Dungeon)
 32416 | D:14     | Reached skill level 14 in Fighting
 32862 | D:14     | Reached skill level 5 in Earth Magic
 33153 | D:14     | Noticed Azrael
 33262 | D:13     | Upgraded the game from 0.26-a0-739-gf55cbd344a to
                  | 0.26-a0-831-g7192265339
 33274 | D:14     | Killed Azrael
 33621 | D:14     | Noticed Jorgrun
 33632 | D:14     | Killed Jorgrun
 33633 | D:14     | Reached XP level 15. HP: 53/138 MP: 31/31
 34159 | D:14     | Found an opulent altar of Gozag.
 34487 | D:15     | Entered Level 15 of the Dungeon
 35027 | D:15     | Found a hide-covered altar of Uskayaw.
 35262 | D:14     | Reached skill level 1 in Transmutations
 35488 | D:15     | Found a staircase to the Depths.
 36300 | Orc:1    | Entered Level 1 of the Orcish Mines
 36508 | Orc:1    | Found a roughly hewn altar of Beogh.
 37114 | Orc:1    | Found a bloodstained altar of Trog.
 37287 | Orc:2    | Entered Level 2 of the Orcish Mines
 38134 | Orc:2    | Found a roughly hewn altar of Beogh.
 38235 | Orc:2    | Found a staircase to the Elven Halls.
 38346 | Orc:2    | Noticed Saint Roka
 38379 | Orc:2    | Killed Saint Roka
 38986 | Orc:2    | Found a roughly hewn altar of Beogh.
 39008 | Orc:2    | Found Leavoint's Weapon Shop.
 39431 | Orc:2    | Found Veores's Antique Armour Emporium.
 39433 | Orc:2    | Found a roughly hewn altar of Beogh.
 39433 | Orc:2    | Found Viodwiru's Antique Weapon Shoppe.
 39717 | Orc:2    | Found a roughly hewn altar of Beogh.
 39723 | Orc:2    | Found Caliracu's Armour Shop.
 39937 | Orc:2    | Bought a fading rapier for 234 gold pieces
 39937 | Orc:2    | Identified the +12 rapier "Fakhlot" {pain, rPois rC+ Int-3
                  | Dex+3} (You bought it in a shop on level 2 of the Orcish
                  | Mines)
 40005 | Orc:2    | Bought a +0 pair of boots for 63 gold pieces
 40104 | D:12     | Bought the Handbook of Clay for 1062 gold pieces
 40111 | D:12     | Learned a level 6 spell: Iron Shot
 40243 | D:11     | Killed Erolcha
 40346 | Snake:1  | Entered Level 1 of the Snake Pit
 40736 | Shoals:1 | Entered Level 1 of the Shoals
 40784 | Shoals:1 | Learned a level 3 spell: Mephitic Cloud
 40790 | Shoals:1 | Learned a level 5 spell: Fireball
 41008 | Shoals:1 | Reached skill level 1 in Fire Magic
 41160 | Shoals:1 | Upgraded the game from 0.26-a0-831-g7192265339 to
                  | 0.26-a0-835-g8259106e14
 41160 | Shoals:1 | Upgraded the game from 0.26-a0-835-g8259106e14 to
                  | 0.26-a0-846-gcc8f1ee719
 41262 | Shoals:1 | Upgraded the game from 0.26-a0-846-gcc8f1ee719 to
                  | 0.26-a0-854-gdc81c2f471
 41395 | Shoals:1 | Reached skill level 15 in Fighting
 41395 | Shoals:1 | Upgraded the game from 0.26-a0-854-gdc81c2f471 to
                  | 0.29-a0-231-g945431f764
 41574 | Shoals:1 | Upgraded the game from 0.29-a0-231-g945431f764 to
                  | 0.29-a0-233-g1125b37a9b
 41737 | Shoals:1 | Upgraded the game from 0.29-a0-233-g1125b37a9b to
                  | 0.29-a0-284-gf9362112df
 42189 | Shoals:2 | Reached XP level 16. HP: 149/149 MP: 18/33
 42227 | Shoals:1 | Reached skill level 10 in Earth Magic
 42701 | Shoals:2 | Found Washegir's Weapon Boutique.
 42716 | Shoals:2 | Learned a level 7 spell: Spellforged Servitor
 42719 | Shoals:2 | Noticed Polyphemus
 42732 | Shoals:2 | Found Vehasoc's Book Shoppe.
 43217 | Shoals:2 | Reached skill level 1 in Summonings
 43229 | Shoals:2 | Killed Polyphemus
 43270 | Shoals:2 | Upgraded the game from 0.29-a0-284-gf9362112df to
                  | 0.29-a0-322-g68df515428
 43270 | Shoals:2 | Upgraded the game from 0.29-a0-322-g68df515428 to
                  | 0.29-a0-512-gf59ac788ac
 43444 | Shoals:2 | Upgraded the game from 0.29-a0-512-gf59ac788ac to
                  | 0.32-a0-768-g0f6f1dd4b9
 43444 | Shoals:2 | Quit the game

Illustrated notes

Levels and vault maps discovered:
D:1:      dpeg_arrival_chambers_temple_mockup, layout_basic
D:2:      layout_loops_ring, fedhas_altar_4
D:3:      layout_basic, minmay_lizard_king, uniq_robin, uniq_grinder
D:4:      layout_cave_pools, uniq_pikel
D:5:      layout_loops_ring, amethyst_overflow_temple_binary, serial_shops, shop
D:6:      layout_loops_corners, lemuel_crystal_altar, gammafunk_ghost_split,
          serial_shops, shop
D:7:      minmay_the_grid_octo_tiled_octocenter
          [minmay_the_grid_octo_tetromino_candy,
          minmay_the_grid_octo_fan_narrow, minmay_the_grid_octo_teeth,
          minmay_the_grid_octo_focus, minmay_the_grid_octo_prize_star,
          minmay_the_grid_square_5x5_corner,
          minmay_the_grid_square_5x5_tetrominoes,
          minmay_the_grid_square_5x5_misaligned,
          minmay_the_grid_square_5x5_longway], layout_basic, temple_doors_cd,
          minmay_shop_damaged
D:8:      layout_gridville, kennysheep_mini, uniq_harold
D:9:      layout_irregular_city, gammafunk_ghost_stat_death,
          nicolae_water_bricks, the_bakery
D:10:     layout_basic, uniq_maurice, uniq_erica
D:11:     layout_loops_corners, lair_entry_dummy, orc_david_3, uniq_erolcha,
          uniq_psyche, uniq_sonja
D:12:     hangedman_cross_stitches, layout_loops_ring, gauntlet_entry_generic,
          serial_shops, shop_statue
D:13:     layout_rooms, david_vaults_5, serial_co_window_serial,
          co_window_paths_a, co_window_paths_a, co_window_paths_a,
          co_window_corner_a, co_window_of_opportunity_a, co_window_2corner,
          co_window_2corner, co_window_unsneaky_path_b, co_window_broadway_a,
          co_window_paths_c, co_window_corner_b, co_window_of_opportunity_b,
          co_window_paths_d, co_window_4corner_b, glass_columns_c,
          glass_columns_a, glass_columns_a, glass_columns_a,
          gammafunk_ghost_crypt
D:14:     layout_loops_ring, lemuel_statue_altar, lightli_wizard_tower,
          uniq_azrael, uniq_jorgrun
D:15:     hangedman_depths_entry_try_elsewhere_first, layout_cave_pods,
          basic_altar
Lair:1:   layout_regular_city, minivault_25, chequers_serial_rivers_room_a,
          beast_lair_carwin_11, serial_bayou_shore_a
Lair:2:   layout_concentric_octagons, guppyfry_snake_entry_garden, st_stairs_12,
          beast_lair_carwin_7
Lair:3:   layout_big_grid, elwin_shoals_entry_stream, grunt_megastairs_5,
          uniq_gastronok
Lair:4:   layout_small_grid, eino_small_chamber_without_monster
Lair:5:   layout_gridlike
Lair:6:   wormcave, layout_long_grid, guppyfry_lair_end_dragon, slime_altar_1,
          chequers_serial_rivers_micro_c, grunt_megastairs_3
Shoals:1: layout_shoals
Shoals:2: layout_shoals, serial_shops, nicolae_square_shop,
          nicolae_diamond_shop, nicolae_shoals_arrival_archipelago,
          uniq_polyphemus
Snake:1:  onia_ninara_swampy_vault, layout_onion, basic_altar, evilmike_ambush
          [evilmike_ambush_outer_pillars, evilmike_ambush_inner_basic],
          minmay_shoptagon
Orc:1:    layout_caves, basic_altar, trog_book
Orc:2:    grunt_orc_community_town_hall, layout_caves,
          grunt_orc_community_big_house_2, grunt_orc_community_big_house_2,
          grunt_orc_community_house_2, grunt_orc_community_house_1,
          grunt_orc_community_house_1, grunt_orc_community_house_3,
          nicolae_orc_lava_room

Skill      XL: |  1  2  3  4  5  6  7  8  9 10 11 12 13 14 15 16 |
---------------+-------------------------------------------------+-----
Fighting       | 1 2 3 4 5 6 7 9 11 12 14 15 | 15.5
Conjurations   | 5 6 7 8 9 10 12 | 12.3
Invocations    | 1 2 3 4 6 7 8 10 | 10.9
Spellcasting   | 3 4 5 6 7 9 11 12 13 | 13.2
Hexes          | 1 3 4 5 |  5.0
Translocations | 2 4 5 |  5.0
Dodging        | 4 7 |  7.0
Shields        | 6 7 8 |  8.2
Earth Magic    | 5 9 10 | 10.0
Transmutations | 3 |  0.0
Fire Magic     | 1 3 |  3.1
Summonings     | 1 |  1.9
Alchemy        | 3 |  3.0
Shapeshifting  | 2 |  2.7
Stealth        | |  1.7

Action                     |  1- 3 |  4- 6 |  7- 9 | 10-12 | 13-15 | 16-18 || total
---------------------------+-------+-------+-------+-------+-------+-------++-------
  Melee: Unarmed           |     5 |       |       |       |       |       ||     5
         Tailslap          |     1 |     3 |       |     1 |    13 |       ||    18
         Dagger            |     8 |    11 |       |     1 |    39 |       ||    59
         Short sword       |       |    17 |     2 |    25 |     7 |       ||    51
         Staff             |       |       |       |       |    25 |     1 ||    26
         Morningstar       |       |       |       |       |    38 |       ||    38
   Fire: Sling             |       |    25 |   150 |     7 |       |       ||   182
         Hand cannon       |       |       |       |       |     9 |       ||     9
  Throw: Dart              |     6 |       |       |       |       |       ||     6
   Cast: Magic Dart        |    78 |    58 |    24 |   277 |   717 |     3 ||  1157
         Searing Ray       |     1 |    11 |    58 |    99 |    20 |       ||   189
         Fulminant Prism   |       |       |    13 |    93 |   281 |       ||   387
         Dazzling Flash    |       |       |     2 |       |       |       ||     2
         Iskenderun's Myst |       |       |       |    15 |   219 |       ||   234
         Fireball          |       |       |       |       |    28 |    49 ||    77
         Iron Shot         |       |       |       |       |    16 |     8 ||    24
         Mephitic Cloud    |       |       |       |       |     1 |       ||     1
 Invoke: Wall of Briars    |       |     1 |       |       |     1 |       ||     2
         Grow Ballistomyce |       |       |     1 |     1 |       |       ||     2
         Overgrow          |       |       |       |     2 |     2 |       ||     4
  Evoke: Wand              |       |       |     4 |     2 |       |       ||     6
    Use: Scroll            |       |     1 |    10 |     7 |     9 |     1 ||    28
   Stab: Sleeping          |       |       |       |     1 |       |       ||     1
         Distracted        |       |       |       |       |     2 |       ||     2
 Armour: Skin              |     4 |    19 |    30 |    93 |   189 |    25 ||   360
  Dodge: Dodged            |     4 |    33 |    45 |   146 |   285 |    16 ||   529
  Block: Kite shield       |       |       |       |       |   146 |    27 ||   173

Table legend: (Time is in decaauts)
 A = Elapsed time spent in this place.
 B = Non-inter-level travel time spent in this place.
 C = Inter-level travel time spent in this place.
 D = Time resting spent in this place.
 E = Time spent auto-exploring this place.
 F = Levels seen in this place.
 G = Mean time per level.
                   A        B        C        D        E       F      G
               +--------+--------+--------+--------+--------+-----+--------+
         Total |  43653 |  40950 |   2703 |  16423 |  16812 |  27 | 1616.8 |
       Dungeon |  24782 |  23119 |   1663 |   8771 |  10288 |  15 | 1652.1 |
          Lair |  11601 |  10813 |    788 |   4663 |   4232 |   6 | 1933.5 |
        Shoals |   2719 |   2654 |     65 |   1073 |    924 |   2 | 1359.5 |
     Snake Pit |      4 |      4 |      0 |      0 |      0 |   1 |    4.0 |
  Orcish Mines |   3651 |   3466 |    185 |   1539 |   1075 |   2 | 1825.5 |
      Gauntlet |    893 |    893 |      0 |    377 |    293 |   1 |  893.0 |
               +--------+--------+--------+--------+--------+-----+--------+

Top non-repeatable levels by time:
  Lair:6: 3340 daAuts
    D:13: 2352 daAuts
   Orc:2: 2260 daAuts
  Lair:5: 2253 daAuts
    D:11: 2250 daAuts
    D:14: 2235 daAuts
    D:10: 2172 daAuts
     D:7: 1921 daAuts
Shoals:1: 1772 daAuts
     D:9: 1756 daAuts
  Lair:2: 1728 daAuts
     D:8: 1707 daAuts
     D:2: 1707 daAuts
  Lair:4: 1669 daAuts
     D:3: 1667 daAuts
